 Dungeon Crawl Stone Soup version 0.27-a0-1193-g8631133539 (webtiles) character file.

Game seed: 6587818771795092738

704 HoaS the Cruncher (level 7, 0/40 HPs)
             Began as a Gargoyle Gladiator on May 25, 2021.
             Was an Initiate of Okawaru.
             Slain by an iguana (10 damage)
             ... on level 5 of the Dungeon.
             The game lasted 00:11:21 (3396 turns).

HoaS the Cruncher (Gargoyle Gladiator)              Turns: 3396, Time: 00:11:22

Health: 0/40       AC: 18    Str: 19    XL:     7   Next: 66%
Magic:  8/8        EV:  5    Int:  9    God:    Okawaru [......]
Gold:   225        SH:  0    Dex: 11    Spells: 6/6 levels left

rFire    . . .     SeeInvis +   w - +1 quarterstaff
rCold    . . .     Faith    .   (shield currently unavailable)
rNeg     + + .     Spirit   .   i - +0 plate armour
rPois    ∞         Reflect  .   c - +0 helmet
rElec    +         Harm     .   b - +1 cloak
rCorr    .         Rampage  .   (no gloves)
Will     .....                  g - +0 pair of boots
Stlth    ..........             (no amulet)
HPRegen  0.13/turn              h - ring of see invisible
MPRegen  0.11/turn              o - ring of positive energy

@: no status effects
A: sickness immunity, AC +4, negative energy resistance 1, electricity
resistance, torment resistance 1, petrification resistance
a: Renounce Religion


You were on level 5 of the Dungeon.
You worshipped Okawaru.
Okawaru was noncommittal.
You visited 2 branches of the dungeon, and saw 6 of its levels.

You collected 225 gold pieces.

Inventory:

Hand Weapons
 q - a +1 longbow
 w - a +1 quarterstaff (weapon)
Missiles
 l - 129 arrows
Armour
 b - a +1 cloak (worn)
 c - a +0 helmet (worn)
 g - a +0 pair of boots (worn)
 i - a +0 plate armour (worn)
Jewellery
 h - a ring of see invisible (left hand)
 o - a ring of positive energy (right hand)
Wands
 m - a wand of flame (19) (quivered)
 r - a wand of polymorph (4)
Scrolls
 a - a scroll of identify
Potions
 d - a potion of attraction {unknown}
 e - a potion of berserk rage {unknown}
 n - a potion of lignification {unknown}


   Skills:
 - Level 2.1 Fighting
 * Level 8.1 Staves
 - Level 2.0 Bows
 - Level 1.7 Throwing
 - Level 2.4 Dodging
 + Level 2.1 Invocations


You had 6 spell levels left.
You didn't know any spells.
Your spell library contained the following spells:

 Spells                   Type           Power      Damage    Failure   Level
 Magic Dart               Conj           0%         1d3       100%        1
 Blink                    Tloc           N/A        N/A       100%        2
 Call Imp                 Summ           0%         N/A       100%        2
 Slow                     Hex            0%         N/A       100%        2
 Conjure Flame            Conj/Fire      0%         6-21      100%        3
 Mephitic Cloud           Conj/Pois/Air  0%         N/A       100%        3


Dungeon Overview and Level Annotations

Branches:
Dungeon (5/15)             Temple (1/1) D:4

Altars:
Ashenzari
Cheibriados
Fedhas
Hepliaklqana
Makhleb
Nemelex Xobeh
Okawaru
Qazlal
Ru
Sif Muna
Trog
Uskayaw
Vehumet
Wu Jian
Xom
The Shining One

Shops:
D:1 [


Innate Abilities, Weirdness & Mutations

You are immune to sickness and miasma.
Your stone body is resilient. (AC +4)
You are immune to poison.
You resist negative energy. (rN+)
You are resistant to electric shocks. (rElec)
You are resistant to unholy torment.
You are immune to petrification.


Message History

You barely miss the iguana.
The iguana bites you but does no damage.
The orc priest calls down the wrath of Beogh upon you.
Beogh smites you! The jackal closely misses you.
Okay, then.
Okay, then.
You feel better.
An orc wizard comes into view. It is wielding a +0 dagger.
A jackal comes into view.
The jackal bites you but does no damage.
The iguana barely misses you.
The bullfrog skeleton barely misses you.
Your plate armour prevents you from hitting the jackal.
The jackal bites you but does no damage.
The orc wizard points at itself and mumbles some strange words.
The orc wizard flickers and vanishes for a moment.
The bullfrog skeleton hits you but does no damage.
The iguana bites you.
The jackal bites you but does no damage.
A hound zombie comes into view.
You hit the jackal but do no damage.
The bullfrog skeleton hits you but does no damage.
The iguana barely misses you. The jackal barely misses you.
You sock the jackal!
You kill the jackal!
Okawaru accepts your kill.
The bullfrog skeleton hits you but does no damage.
The iguana bites you.
Your plate armour prevents you from hitting the orc priest.
The bullfrog skeleton hits you.
A jackal comes into view.
The iguana barely misses you.
The orc priest hits you but does no damage.
The bullfrog skeleton hits you.
* * * LOW HITPOINT WARNING * * *
An orc comes into view. It is wielding a +0 flail.
You sock the orc priest!
The orc priest is severely wounded.
The iguana bites you!
You die... oo

#### ##+ #######
#. .... #≈≈
≈≈+....... ....
#≈# #≈#....#?# ...
#≈# #≈#..o$.. .#
#≈#+#≈#..Zo#
.######≈≈.≈≈#..l##
..#....[......Zo@#
..'............h.#
..#...>..........#
.###....####....##
.######## #....#
...# #.......#
...# #.......#
...# #.......+
..## #.......#


You could see an iguana, an orc priest, an orc, a hound zombie, a jackal and a
bullfrog skeleton.

Vanquished Creatures
  Sigmund (D:3)
  2 black bears
  An ogre (Temple)
  A bullfrog skeleton (D:4)
  Terence (D:3)
  An orc wizard (D:5)
  Ijyb (D:3)
  An iguana (D:4)
  4 gnolls (D:3)
  3 adders
  An adder skeleton (D:4)
  A dart slug (D:1)
  2 orcs
  6 endoplasms
  5 giant cockroaches
  5 goblins
  9 hobgoblins
  6 jackals
  5 kobolds
  3 quokkas
  2 ball pythons (D:3)
  4 bats
  A frilled lizard (D:1)
  6 rats
72 creatures vanquished.

Notes
Turn   | Place    | Note
-------+----------+-------------------------------------------
     0 | D:1      | HoaS the Gargoyle Gladiator began the quest for the Orb.
     0 | D:1      | Reached XP level 1. HP: 12/12 MP: 1/1
   149 | D:1      | Reached XP level 2. HP: 17/17 MP: 2/2
   225 | D:1      | Found Mibbuc's Armour Shoppe.
   265 | D:1      | Reached skill level 4 in Staves
   341 | D:1      | Found a faded altar of an unknown god.
   381 | D:1      | Reached XP level 3. HP: 18/21 MP: 3/3
  1536 | D:3      | Noticed Terence
  1546 | D:3      | Killed Terence
  1547 | D:3      | Reached XP level 4. HP: 26/26 MP: 4/4
  1588 | D:3      | Noticed Sigmund
  1589 | D:3      | Reached skill level 5 in Staves
  1634 | D:3      | Killed Sigmund
  1635 | D:3      | Reached skill level 6 in Staves
  1635 | D:3      | Reached XP level 5. HP: 16/30 MP: 5/5
  1635 | D:3      | Reached XP level 6. HP: 19/35 MP: 6/6
  1824 | D:3      | Found a stormy altar of Qazlal.
  2249 | D:3      | Noticed Ijyb
  2260 | D:3      | Killed Ijyb
  2261 | D:3      | Reached skill level 7 in Staves
  2487 | D:3      | Found an ornate altar of the Wu Jian Council.
  2547 | D:4      | Noticed a black bear
  2562 | D:4      | Killed a black bear
  2563 | D:4      | Reached skill level 1 in Bows
  2633 | D:4      | Found a staircase to the Ecumenical Temple.
  2667 | Temple   | Entered the Ecumenical Temple
  2784 | Temple   | Became a worshipper of Warmaster Okawaru
  2809 | Temple   | Reached XP level 7. HP: 13/40 MP: 7/7
  3039 | D:4      | Reached skill level 1 in Invocations
  3089 | D:4      | Found a radiant altar of Vehumet.
  3332 | D:5      | Entered Level 5 of the Dungeon
  3347 | D:5      | Reached skill level 8 in Staves
  3396 | D:5      | Slain by an iguana

Illustrated notes

Levels and vault maps discovered:
D:1:      dpeg_arrival_water_temple_mockup, layout_basic,
          ebering_ecumenical_altar_mist, serial_shops, nicolae_shop_trees
D:2:      layout_basic, kennysheep_generic_room_12
D:3:      layout_loops_ring, amcnicky_altar_gilded, general_overflow_altar,
          uniq_terence, uniq_ijyb, uniq_sigmund
D:4:      layout_rooms, lemuel_coloured_pillars_altar,
          minmay_temple_entry_drinking_statues
D:5:      layout_gridville, kennysheep_mini_moat, roderic_lattice_a,
          chequers_serial_rivers_room_b, st_stairs_11, uniq_duvessa
Temple:   dshaligram_water_room_temple

Skill      XL: |  1  2  3  4  5  6  7 |
---------------+----------------------+-----
Staves         | 4 6 7 8 |  8.1
Bows           | 1 2 |  2.0
Invocations    | 2 |  2.1
Fighting       | |  2.1
Throwing       | |  1.7
Dodging        | |  2.4

Action                   |  1- 3 |  4- 6 |  7- 9 || total
-------------------------+-------+-------+-------++-------
Melee: Quarterstaff      |    84 |   107 |    64 ||   255
Throw: Throwing net      |     2 |     3 |       ||     5
  Use: Scroll            |     2 |     2 |     4 ||     8
       Potion            |       |     1 |     1 ||     2
Armor: Leather armour    |    15 |       |       ||    15
       Plate armour      |    31 |    81 |    54 ||   166
Dodge: Dodged            |    36 |    20 |    17 ||    73

Table legend: (Time is in decaauts)
 A = Elapsed time spent in this place.
 B = Non-inter-level travel time spent in this place.
 C = Inter-level travel time spent in this place.
 D = Time resting spent in this place.
 E = Time spent auto-exploring this place.
 F = Levels seen in this place.
 G = Mean time per level.
                   A        B        C        D        E       F      G
               +--------+--------+--------+--------+--------+-----+--------+
         Total |   3395 |   3305 |     90 |    402 |   2304 |   6 |  565.8 |
       Dungeon |   3050 |   2983 |     67 |    198 |   2195 |   5 |  610.0 |
        Temple |    345 |    322 |     23 |    204 |    109 |   1 |  345.0 |
               +--------+--------+--------+--------+--------+-----+--------+

Top non-repeatable levels by time:
     D:3: 979 daAuts
     D:1: 846 daAuts
     D:2: 696 daAuts
     D:4: 467 daAuts
  Temple: 345 daAuts
     D:5: 61 daAuts
